 Dungeon Crawl Stone Soup version 0.29-a0-40-g8eb35efe60 (webtiles) character file.

Game seed: 3382655090721115348

862 murtidash the Distorting Ant (level 8, -1/58 HPs)
             Began as a Formicid Abyssal Knight on Feb 1, 2022.
             Was a Believer of Lugonu.
             Succumbed to a water moccasin's poison
             ... on level 5 of the Dungeon.
             The game lasted 00:11:44 (5153 turns).

murtidash the Distorting Ant (FoAK)                 Turns: 5153, Time: 00:11:44

Health: -1/58      AC:  9    Str: 18    XL:     8   Next: 22%
Magic:  13/13      EV:  7    Int: 10    God:    Lugonu [**....]
Gold:   185        SH:  5    Dex: 11    Spells: 7/7 levels left

rFire   . . .      SeeInvis +   a - +1 hand axe
rCold   . . .      Faith    .   (no shield)
rNeg    . . .      Spirit   .   e - +0 chain mail
rPois   .          Reflect  +   (helmet unavailable)
rElec   .          Harm     .   (no cloak)
rCorr   .          Rampage  .   (no gloves)
Will    .....                   y - +0 pair of boots
Stlth   ..........              c - amulet of reflection
HPRegen 0.19/turn               (no ring)
MPRegen 0.13/turn               (no ring)

@: mighty, lethally poisoned (-1 -> -13)
A: permanent stasis, dig shafts and tunnels, antennae 3, four strong arms, sense
surroundings 1, weak 1
a: Dig, Shaft Self, Renounce Religion, Depart the Abyss, Bend Space


You were on level 5 of the Dungeon.
You worshipped Lugonu.
Lugonu was pleased with you.
You visited 1 branch of the dungeon, and saw 5 of its levels.
You visited the Abyss 1 time.
You also visited: Ossuary.

You collected 185 gold pieces.

Inventory:

Hand Weapons
 a - a +1 hand axe (weapon)
 b - a +0 hand crossbow
   (You took it off a kobold on level 4 of the Dungeon)
Missiles
 q - 9 bolts
Armour
 e - a +0 chain mail (worn)
   (You found it on level 1 of the Dungeon)
 p - a +0 leather armour
 y - a +0 pair of boots (worn)
   (You found it on level 5 of the Dungeon)
Magical Staves
 o - a staff of earth
   (You found it on level 3 of the Dungeon)
Jewellery
 c - an amulet of reflection (around neck)
   (You found it on level 1 of the Dungeon)
 g - a +6 ring of intelligence
   (You found it on level 1 of the Dungeon)
 u - an amulet of faith {Faith, !P}
   (You found it on level 4 of the Dungeon)
Wands
 n - a wand of digging (8)
   (You took it off Terence on level 3 of the Dungeon)
Scrolls
 f - 2 scrolls of identify {unknown}
 h - a scroll of vulnerability {!r!r}
 i - a scroll of teleportation {unknown}
 k - 3 scrolls of fear
 l - a scroll of blinking {unknown}
 m - 3 scrolls of fog {unknown}
 r - 2 scrolls of immolation {unknown}
 w - a scroll of enchant armour {unknown}
 x - a scroll of noise {unknown}
 z - a scroll of torment {unknown}
Potions
 j - 2 potions of cancellation
 t - a potion of haste {unknown}
 v - a potion of lignification {unknown}


   Skills:
 - Level 3.2 Fighting
 + Level 6.5 Axes
 - Level 2.1 Armour
 - Level 0.8 Dodging
 + Level 7.7 Invocations


You had 7 spell levels left.
You didn't know any spells.
Your spell library contained the following spells:

 Spells                   Type           Power      Damage    Failure   Level
 Animate Skeleton         Necr           0%         N/A       99%         1
 Pain                     Necr           0%         1d4       99%         1
 Ignite Poison            Fire/Tmut/Pois 0%         N/A       100%        3
 Mephitic Cloud           Conj/Pois/Air  0%         N/A       100%        3
 Vampiric Draining        Necr           0%         2d6       100%        3
 Freezing Cloud           Conj/Ice/Air   0%         6-21      100%        5


Dungeon Overview and Level Annotations

Branches:
Dungeon (5/15)             Temple (0/1) D:5         Ossuary (visited)

Altars:
Elyvilon
Zin


Innate Abilities, Weirdness & Mutations

You cannot be hasted, slowed, berserked, paralysed or teleported.
You can dig through walls and to a lower floor.
You have a pair of large antennae on your head. (SInv)
Your four strong arms can wield two-handed weapons with a shield.
You passively map a small area around you.
You are weak. (Str -2)


Message History

You kill the hound!
Lugonu accepts your kill.
You see here a hound corpse.
Found a staircase to the Ecumenical Temple.
Health restored: 58 The bullfrog zombie hits you but does no damage.
You slash the bullfrog zombie! The bullfrog zombie closely misses you.
You slash the bullfrog zombie!
The bullfrog zombie hits you but does no damage.
You block the bullfrog zombie's attack.
You hit the bullfrog zombie. You block the bullfrog zombie's attack.
You hit the bullfrog zombie.
The bullfrog zombie hits you but does no damage.
You hit the bullfrog zombie.
The bullfrog zombie hits you but does no damage.
The bullfrog zombie hits you.
You take 2 damage, and have 56/58 hp.
You hit the bullfrog zombie.
The bullfrog zombie hits you but does no damage.
You barely miss the bullfrog zombie. You punch the bullfrog zombie.
The bullfrog zombie hits you.
You take 2 damage, and have 54/58 hp.
You slash the bullfrog zombie!
You destroy the bullfrog zombie!
Lugonu accepts your kill.
No target in view!
No target in view!
No target in view!
No target in view!
There is a fountain of sparkling water here.
A water moccasin comes into view.
The water moccasin hisses angrily.
Health restored: 58 The water moccasin barely misses you.
You hit the water moccasin but do no damage.
The water moccasin bites you.
You take 6 damage, and have 52/58 hp.
You hit the water moccasin. The water moccasin barely misses you.
You hit the water moccasin but do no damage.
The water moccasin bites you but does no damage.
The water moccasin closely misses you.
You hit the water moccasin.
The water moccasin bites you but does no damage.
You hit the water moccasin but do no damage.
The water moccasin bites you.
You are poisoned.
The water moccasin poisons you!
The water moccasin bites you but does no damage.
You take 1 damage, and have 51/58 hp.
You closely miss the water moccasin.
You feel sick. You block the water moccasin's attack.
You take 2 damage, and have 49/58 hp.
You hit the water moccasin.
You feel sick. The water moccasin bites you!
You are more poisoned.
The water moccasin poisons you!
You take 10 damage, and have 39/58 hp.
You are too injured to fight recklessly!
You are too injured to fight recklessly!
You are too injured to fight recklessly!
You are too injured to fight recklessly!
You are too injured to fight recklessly!
You are too injured to fight recklessly!
You are too injured to fight recklessly!
You are too injured to fight recklessly!
You are too injured to fight recklessly!
You hit the water moccasin.
You feel very sick. You block the water moccasin's attack.
The water moccasin bites you.
You take 7 damage, and have 32/58 hp.
You hit the water moccasin.
You feel very sick. The water moccasin barely misses you.
You take 3 damage, and have 29/58 hp.
You closely miss the water moccasin.
You feel very sick.
The water moccasin bites you but does no damage.
You take 2 damage, and have 27/58 hp.
You hit the water moccasin but do no damage.
You feel very sick. The water moccasin closely misses you.
The water moccasin bites you.
You take 9 damage, and have 18/58 hp.
You hit the water moccasin.
You feel sick. You block the water moccasin's attack.
You take 2 damage, and have 16/58 hp.
You miss the water moccasin.
You feel sick. You block the water moccasin's attack.
The water moccasin bites you!
* * * LOW HITPOINT WARNING * * *
You take 8 damage, and have 8/58 hp.
It was a potion of mutation.
You feel extremely strange.
You feel weaker.
You feel a strange attunement to the structure of the dungeons.
You feel sick. The water moccasin bites you.
* * * LOW HITPOINT WARNING * * *
You are more poisoned.
The water moccasin poisons you!
You take 6 damage, and have 2/58 hp.
Unknown command.
It was a potion of might.
You feel very mighty all of a sudden.
You die...

* , #.#......#..#. **
.......#........#.#..#.
,..).).....######.####. , ,
,....$....# #....). ,
+#........# #.....# * , #
#........# #####.# #
.#.#.......#* #.#
........S..# ########.#
#.#.....@# #...†Z...#
#...#.#.####.#######†########
.......####.#...#.....#
,,####..#.#......#.#.#.#.#.#
......#.#........#.#.#.#.#
......#...###..#.#.#.#.#
....#...###..#.#.#.#.#
#..#.....#..#.#.#.#.#
###<#.#####..#.#.#.#.####


You could see a water moccasin.

Vanquished Creatures
  An ogre (D:4)
  2 black bears (D:4)
  A centaur (D:4)
  2 centaur zombies (Ossuary)
  A bullfrog zombie (D:5)
  2 hounds (D:5)
  A jelly (D:4)
  Terence (D:3)
  An iguana (D:4)
  4 mummies (Ossuary)
  4 gnolls (D:4)
  6 adders
  A howler monkey skeleton (D:4)
  2 adder skeletons (D:4)
  A worm (D:3)
  A dart slug (D:2)
  2 orcs
  9 endoplasms
  6 giant cockroaches
  11 goblins
  7 hobgoblins
  9 jackals
  11 kobolds
  3 quokkas
  3 ball pythons
  6 bats
  4 frilled lizards
  3 hobgoblin zombies (Ossuary)
  3 rats
108 creatures vanquished.

Vanquished Creatures (others)
  14 plants
  3 withered plants (D:1)
17 creatures vanquished.

Grand Total: 125 creatures vanquished

Notes
Turn   | Place    | Note
-------+----------+-------------------------------------------
     0 | Abyss:1  | murtidash the Formicid Abyssal Knight began the quest for
                  | the Orb.
     0 | Abyss:1  | Reached XP level 1. HP: 18/18 MP: 2/2
    64 | Abyss:1  | Noticed a tentacled starspawn
    65 | D:1      | Escaped the Abyss
   146 | D:1      | Reached XP level 2. HP: 24/24 MP: 3/3
   153 | D:1      | Reached * piety under Lugonu
   276 | D:1      | Reached skill level 3 in Invocations
   406 | D:1      | Reached XP level 3. HP: 29/29 MP: 5/5
   671 | D:1      | Found a faded altar of an unknown god.
   890 | D:2      | Reached skill level 3 in Axes
  1280 | D:2      | Reached XP level 4. HP: 35/35 MP: 6/6
  1738 | D:3      | Reached skill level 4 in Invocations
  1807 | D:3      | Reached ** piety under Lugonu
  1919 | D:3      | Reached XP level 5. HP: 29/41 MP: 8/8
  2120 | D:3      | Noticed Terence
  2139 | D:3      | Killed Terence
  2536 | D:4      | Reached skill level 4 in Axes
  2615 | D:4      | Found a glowing silver altar of Zin.
  2886 | D:4      | Noticed a black bear
  2895 | D:4      | Killed a black bear
  2896 | D:4      | Reached skill level 5 in Invocations
  2896 | D:4      | Reached XP level 6. HP: 42/47 MP: 8/10
  3009 | D:4      | Noticed an ogre
  3030 | D:4      | HP: 3/47 [ogre (21)]
  3033 | D:4      | Killed an ogre
  3034 | D:4      | Reached skill level 5 in Axes
  3034 | D:4      | Reached skill level 6 in Invocations
  3034 | D:4      | Reached XP level 7. HP: 11/52 MP: 11/11
  3070 | D:4      | Found a sand-covered staircase.
  3077 | Ossuary  | Entered an ossuary
  3146 | Ossuary  | HP: 9/52 [centaur zombie (4)]
  3155 | Ossuary  | Reached *** piety under Lugonu
  3164 | Ossuary  | HP: 6/52 [mummy (7)]
  3782 | D:4      | Reached skill level 7 in Invocations
  4035 | D:4      | Reached skill level 6 in Axes
  4164 | D:4      | Reached XP level 8. HP: 17/58 MP: 13/13
  4548 | D:4      | Found a white marble altar of Elyvilon.
  4714 | D:5      | Entered Level 5 of the Dungeon
  4864 | D:5      | Noticed a wraith
  5071 | D:5      | Found a staircase to the Ecumenical Temple.
  5151 | D:5      | HP: 8/58 [water moccasin (7)]
  5152 | D:5      | Gained mutation: You are weak. (Str -2) [potion of
                  | mutation]
  5152 | D:5      | Gained mutation: You passively map a small area around you.
                  | [potion of mutation]
  5152 | D:5      | HP: 2/58 [water moccasin (4)]
  5153 | D:5      | Succumbed to a water moccasin's poison

Illustrated notes

Levels and vault maps discovered:
D:1:      roderic_crossed_star, layout_basic,
          ebering_ecumenical_altar_petrified, minmay_3d_cube
D:2:      layout_basic
D:3:      layout_basic, hex_intersection, minmay_misc_feat_diagonals,
          serial_bayou_ford_a, uniq_terence
D:4:      minmay_inner_zag, layout_loops_ring, nicolae_elyvilon_temple_path,
          zin_treasury, chequers_ossuary_entry_cave,
          minmay_misc_feat_secret_circle
D:5:      layout_basic, lemuel_round_altar, minmay_temple_entry_junction,
          uniq_prince_ribbit1, uniq_eustachio

Skill      XL: |  1  2  3  4  5  6  7 |
---------------+----------------------+-----
Invocations    | 3 4 5 6 7 |  7.7
Axes           | 3 4 5 6 |  6.5
Fighting       | |  3.2
Armour         | |  2.1
Dodging        | |  0.8

Action                   |  1- 3 |  4- 6 |  7- 9 || total
-------------------------+-------+-------+-------++-------
Melee: Hand axe          |   106 |   154 |   147 ||   407
       Punch             |     2 |       |     5 ||     7
 Fire: Hand crossbow     |       |       |     8 ||     8
Invok: Depart the Abyss  |     1 |       |       ||     1
       Bend Space        |       |     1 |       ||     1
       Banish            |       |       |     2 ||     2
  Use: Potion            |       |     3 |     6 ||     9
       Scroll            |       |       |     2 ||     2
Armor: Leather armour    |     6 |       |       ||     6
       Chain mail        |    44 |    72 |    89 ||   205
Dodge: Dodged            |    26 |    42 |    54 ||   122
Block: Other             |    24 |    37 |    44 ||   105
       Reflection        |     2 |       |       ||     2

Table legend: (Time is in decaauts)
 A = Elapsed time spent in this place.
 B = Non-inter-level travel time spent in this place.
 C = Inter-level travel time spent in this place.
 D = Time resting spent in this place.
 E = Time spent auto-exploring this place.
 F = Levels seen in this place.
 G = Mean time per level.
                   A        B        C        D        E       F      G
               +--------+--------+--------+--------+--------+-----+--------+
         Total |   5201 |   5110 |     91 |    267 |   3698 |   7 |  743.0 |
       Dungeon |   4685 |   4594 |     91 |      0 |   3635 |   5 |  937.0 |
         Abyss |     65 |     65 |      0 |      0 |     63 |   1 |   65.0 |
       Ossuary |    450 |    450 |      0 |    267 |      0 |   1 |  450.0 |
               +--------+--------+--------+--------+--------+-----+--------+

Top non-repeatable levels by time:
     D:4: 1852 daAuts
     D:3: 886 daAuts
     D:2: 808 daAuts
     D:1: 797 daAuts
 Ossuary: 450 daAuts
     D:5: 340 daAuts
 Abyss:1: 65 daAuts

Table legend:
 A = Kills in this place as a percentage of kills in entire the game.
 B = Kills by you in this place as a percentage of kills by you in the entire game.
 C = Kills by friends in this place as a percentage of kills by friends in the entire game.
 D = Other kills in this place as a percentage of other kills in the entire game.
 E = Experience gained in this place as a percentage of experience gained in the entire game.
 F = Experience gained in this place divided by the number of levels of this place that you have seen.
                   A       B       C       D       E      F
               +-------+-------+-------+-------+-------+----------------------
         Total | 100.0 | 100.0 |   N/A | 100.0 | 100.0 | 176.0
       Dungeon |  90.0 |  91.7 |   N/A |   0.0 |  83.4 | 205.4
       Ossuary |  10.0 |   8.3 |   N/A | 100.0 |  16.6 | 205.0
               +-------+-------+-------+-------+-------+----------------------
